 Dungeon Crawl Stone Soup version 0.16-a0-3667-g690a316 (webtiles) character file.

1185 MuadDib the Grappler (level 8, 0/58 HPs)
             Began as a Bearkin Berserker on Sept 18, 2015.
             Was a High Priest of Trog.
             Slain by a goliath beetle (8 damage)
             ... on level 6 of the Dungeon on Sept 19, 2015.
             The game lasted 00:25:44 (4925 turns).

MuadDib the Grappler (Bearkin Berserker)            Turns: 4925, Time: 00:25:45

Health: 0/58       AC:  9    Str: 27    XL:     8   Next: 19%
Magic:  8/8        EV: 11    Int:  7    God:    Trog [*****.]
Gold:   375        SH:  0    Dex: 10    Spells: 0 memorised, 7 levels left

rFire  . . .     SeeInvis .       - Unarmed
rCold  . . .     Clarity  .     x - +4 leather armour of Happiness {Str+3}
rNeg   . . .     SustAb   .     (no shield)
rPois  .         Gourm    .     (no helmet)
rElec  .         Spirit   .     (no cloak)
rCorr  .         Warding  .     (no gloves)
rMut   .         Stasis   .     (no boots)
MR     .....                    (no amulet)
Stlth  +.........               (no ring)
                                (no ring)

@: not resistant to hostile enchantments, very unstealthy
A: claws 1, fangs 1, shaggy fur 2, hind claws 2, cornered berserk
a: Cornered Berserk, Burn Spellbooks, Berserk, Trog's Hand, Brothers in Arms,
Renounce Religion


You were on level 6 of the Dungeon.
You worshipped Trog.
Trog was extremely pleased with you.
You were very hungry.

You visited 1 branch of the dungeon, and saw 6 of its levels.

You collected 375 gold pieces.

Inventory:

Hand weapons
 A - a +4 antimagic glaive
Armour
 b - a +0 animal skin
 x - the +4 leather armour of Happiness (worn) {Str+3}
   (You found it on level 4 of the Dungeon)

   It affects your strength (+3).
Jewellery
 h - an uncursed ring of see invisible {unknown}
 j - an uncursed ring of sustain abilities {unknown}
 k - an uncursed amulet of the gourmand {unknown}
 m - an uncursed amulet of the gourmand {unknown}
 n - a cursed ring of teleportation {unknown}
 r - an uncursed ring of poison resistance {unknown}
 w - a cursed -3 ring of intelligence {unknown}
Magical devices
 q - a wand of confusion (12)
Scrolls
 c - 6 scrolls of enchant armour {unknown}
 d - 3 scrolls of recharging {unknown}
 f - 2 scrolls of identify
 g - 2 scrolls of remove curse {unknown}
 i - 2 scrolls of blinking {unknown}
 l - 2 scrolls of fog {unknown}
 u - 3 scrolls of teleportation {unknown}
 y - a scroll of random uselessness {unknown}
 C - a scroll of enchant weapon {unknown}
 D - a scroll of fear {unknown}
 F - a scroll of amnesia {unknown}
 G - a scroll of summoning {unknown}
Potions
 a - a potion of cure mutation {unknown}
 e - 4 potions of heal wounds {unknown}
 o - 3 potions of curing {unknown}
 s - a potion of agility {unknown}
 t - a potion of restore abilities {unknown}
 E - 3 potions of might {unknown}
Books
 B - a book of Spatial Translocations

   Spells                             Type                      Level
   a - Apportation                    Translocation                1
   b - Blink                          Translocation                2
   c - Shroud of Golubria             Charms/Translocation         2
   d - Portal Projectile              Translocation                3
   e - Teleport Other                 Translocation                3
   f - Passage of Golubria            Translocation                4
   Trog disapproves of the use of such an item.
Comestibles
 p - 3 bread rations
 v - 2 beef jerkies
 z - a slice of pizza


   Skills:
 - Level 3.0 Fighting
 - Level 1.2 Armour
 - Level 1.5 Dodging
 - Level 1.5 Stealth
 + Level 10.0 Unarmed Combat


You had 7 spell levels left.
You didn't know any spells.

Dungeon Overview and Level Annotations

Branches:
Dungeon (6/15)             Temple (0/1) D:6

Altars:
Dithmenos
Elyvilon
Qazlal
Ru
Xom
Yredelemnul


Innate Abilities, Weirdness & Mutations

You have sharp fingernails.
You have very sharp teeth.
You are covered in thick fur (AC +2).
Your hind legs have sharp claws.
You can berserk when greatly wounded.


Message History

You bite the goliath beetle, but do no damage.
The goliath beetle is severely wounded.
You scratch the goliath beetle but do no damage.
You claw the goliath beetle, but do no damage.
The goliath beetle is severely wounded.
The rat bites you but does no damage. The goliath beetle bites you!!
* * * LOW HITPOINT WARNING * * *
You scratch the goliath beetle but do no damage.
The goliath beetle is severely wounded.
The rat barely misses you.
You claw the goliath beetle!
You claw the goliath beetle, but do no damage.
The goliath beetle is almost dead.
The rat bites you but does no damage.
You scratch the goliath beetle.
You claw the goliath beetle, but do no damage.
Your bite misses the goliath beetle.
The goliath beetle is almost dead.
The goliath beetle bites you!
You die...

###..### #.# #. .......#
#.# #. #..#.####.# ##
#.........# #. ##
#.%....#### #. ...#
#...........# #.
..$...##.####..###.#####.
#..r.......... ..##.
####@####..##.. #.##. #B#
#..#...##.##. #.#
#..[....(.... #..
...#...##(### #.#
#####.###.# #.# #.....()#
#.# #..⌠..### #.# #.....
#.# #⌠.>.⌠


You could see a goliath beetle and a rat.

Vanquished Creatures
  An ice beast (D:3)
  The ghost of thelaststarmaker the Skirmisher, an average HOFi (D:3)
  An ogre (D:5)
  A centaur (D:6)
  2 big kobolds (D:5)
  2 giant frogs
  2 crimson imps (D:5)
  A hound (D:6)
  2 jellies (D:5)
  An orc wizard (D:3)
  An iguana (D:5)
  2 worker ants
  A hound skeleton (D:6)
  8 gnolls (D:5)
  4 adders
  A shadow imp (D:5)
  2 worms
  An adder skeleton (D:4)
  2 giant geckos
  2 oozes
  12 orcs
  A bat zombie (D:5)
  7 giant cockroaches
  37 goblins
  28 hobgoblins
  8 jackals
  14 kobolds
  2 quokkas (D:3)
  6 bats
  6 giant newts
  5 rats
164 creatures vanquished.

Notes
Turn   | Place    | Note
--------------------------------------------------------------
     0 | D:1      | MuadDib, the Bearkin Berserker, began the quest for the Orb.
     0 | D:1      | Reached XP level 1. HP: 18/18 MP: 1/1
   286 | D:1      | Reached XP level 2. HP: 16/24 MP: 2/2
   744 | D:1      | Reached skill level 4 in Unarmed Combat
   870 | D:2      | Acquired Trog's second power
   890 | D:2      | Reached XP level 3. HP: 12/29 MP: 3/3
  1096 | D:2      | Found a shadowy altar of Dithmenos.
  1097 | D:2      | Found a shimmering altar of Xom.
  1101 | D:2      | Found a basalt altar of Yredelemnul.
  1101 | D:2      | Found a stormy altar of Qazlal.
  1102 | D:2      | Found a white marble altar of Elyvilon.
  1386 | D:2      | Reached skill level 1 in Stealth
  1785 | D:3      | Gained mutation: You have very sharp teeth. [bearkin transformation]
  1785 | D:3      | Reached XP level 4. HP: 30/35 MP: 4/4
  1913 | D:3      | Noticed thelaststarmaker's ghost (average HOFi)
  1930 | D:3      | Killed thelaststarmaker's ghost
  1930 | D:3      | Reached skill level 5 in Unarmed Combat
  1930 | D:3      | Reached XP level 5. HP: 41/41 MP: 5/5
  1968 | D:3      | Noticed an ice beast
  1995 | D:3      | Killed an ice beast
  1995 | D:3      | Reached skill level 6 in Unarmed Combat
  2235 | D:3      | Gained mutation: You are covered in thick fur (AC +2). [bearkin transformation]
  2235 | D:3      | Reached XP level 6. HP: 47/47 MP: 6/6
  2802 | D:4      | Found a sacrificial altar of Ru.
  2912 | D:4      | Reached skill level 7 in Unarmed Combat
  2919 | D:4      | Got an ancient leather armour
  2978 | D:4      | Identified the +4 leather armour of Happiness {Str+3} (You found it on level 4 of the Dungeon)
  3104 | D:5      | Entered Level 5 of the Dungeon
  3171 | D:5      | Acquired Trog's third power
  3540 | D:5      | Reached XP level 7. HP: 43/52 MP: 7/7
  3583 | D:5      | Reached skill level 8 in Unarmed Combat
  3894 | D:5      | Received a gift from Trog
  4225 | D:5      | Reached skill level 9 in Unarmed Combat
  4747 | D:6      | Gained mutation: Your hind legs have sharp claws. [bearkin transformation]
  4747 | D:6      | Reached XP level 8. HP: 52/58 MP: 8/8
  4850 | D:6      | Found a staircase to the Ecumenical Temple.
  4863 | D:6      | Reached skill level 10 in Unarmed Combat
  4925 | D:6      | Slain by a goliath beetle

Action                   |  1- 3 |  4- 6 |  7- 9 || total
-------------------------+-------+-------+-------++-------
Melee: Unarmed           |   135 |   198 |   151 ||   484
Invok: Berserk           |       |     2 |     3 ||     5
  Use: Scroll            |       |     1 |     1 ||     2
 Stab: Sleeping          |     2 |     1 |     1 ||     4
  Eat: Bread ration      |     1 |     1 |       ||     2
       Fruit             |       |       |     4 ||     4
       Meat ration       |       |       |     1 ||     1
